 Dungeon Crawl Stone Soup version 0.23.1 (webtiles) character file.

Game seed: 6560050098155563700

301 Xenon25 the Cudgeler (level 6, -5/51 HPs)
             Began as a Hill Orc Fighter on Mar 10, 2019.
             Was an Initiate of Trog.
             Slain by an ogre
             ... wielding a +0 giant spiked club
              (18 damage)
             ... on level 4 of the Dungeon.
             The game lasted 00:07:24 (3521 turns).

Xenon25 the Cudgeler (Hill Orc Fighter)             Turns: 3521, Time: 00:07:24

Health: -5/51      AC: 11    Str: 26    XL:     6   Next: 37%
Magic:  6/6        EV:  5    Int:  8    God:    Trog [......]
Gold:   165        SH:  9    Dex: 10    Spells: 5/5 levels left

rFire    . . .     SeeInvis .   a - +0 flail
rCold    . . .     Gourm    .   c - +0 shield
rNeg     . . .     Faith    .   s - +0 plate armour
rPois    .         Spirit   .   (no helmet)
rElec    .         Reflect  .   (no cloak)
rCorr    .         Harm     .   (no gloves)
MR       .....                  (no boots)
Stlth    ..........             (no amulet)
HPRegen  0.17/turn              (no ring)
MPRegen  0.10/turn              (no ring)

@: mighty
A: no striking features
a: Renounce Religion


You were on level 4 of the Dungeon.
You worshipped Trog.
Trog was noncommittal.
You were not hungry.

You visited 1 branch of the dungeon, and saw 4 of its levels.

You collected 165 gold pieces.

Inventory:

Hand Weapons
 a - a +0 flail (weapon)
 B - a +0 mace
Armour
 b - a +0 scale mail
 c - a +0 shield (worn)
 s - a +0 plate armour (worn)
 t - a +0 plate armour
 x - a +0 animal skin
 A - a +0 ring mail
 C - a +0 chain mail
 D - a +0 helmet
Jewellery
 l - an uncursed amulet of harm {unknown}
 p - an uncursed ring of protection from fire {unknown}
Wands
 n - a wand of paralysis (6)
Scrolls
 e - a scroll of blinking {unknown}
 g - 11 scrolls of identify {unknown}
 h - a scroll of enchant weapon {unknown}
 j - 7 scrolls of teleportation {unknown}
 m - a scroll of immolation {unknown}
 r - 3 scrolls of remove curse {unknown}
 u - 2 scrolls of fear {unknown}
 v - 3 scrolls of amnesia {unknown}
 w - 3 scrolls of noise {unknown}
 y - a scroll of magic mapping {unknown}
Potions
 i - a potion of mutation {unknown}
 k - a potion of degeneration {unknown}
 o - 3 potions of haste {unknown}
 q - 2 potions of curing {unknown}
Comestibles
 f - 5 rations
 z - 4 chunks of flesh


   Skills:
 - Level 3.6 Fighting
 * Level 6.8 Maces & Flails
 - Level 3.2 Armour
 + Level 0.8 Dodging
 + Level 1.0 Stealth
 - Level 3.2 Shields


You had 5 spell levels left.
You didn't know any spells.
Your spell library was empty.

Dungeon Overview and Level Annotations

Branches:
Dungeon (4/15)
 Temple: D:4-7

Altars:
Trog
The Shining One


Message History

You are too injured to fight recklessly!
You are too injured to fight recklessly!
You are too injured to fight recklessly!
You are too injured to fight recklessly!
You are too injured to fight recklessly!
You are too injured to fight recklessly!
You are too injured to fight recklessly!
You are too injured to fight recklessly!
You are too injured to fight recklessly!
You are too injured to fight recklessly!
You are too injured to fight recklessly!
You feel very mighty all of a sudden. You block the ogre's attack.
You sock the ogre!
The ogre is severely wounded.
The ogre barely misses you. The orc closely misses you.
You closely miss the ogre.
The ogre is severely wounded.
The ogre hits you with a +0 giant spiked club!!
You die...

#.#.. #!.........###'###
#.#..###..........#.....#
#.#...............#.....#
#.#.#...?.........+.._..+ .
##.##............÷.#.....#
..## .:.###..).........#.....#
....##†##..............###'###
...#.#.#.#.......(..)))....#
...o..#........O@.........##
.....(#$#......o....[)....#
......(.##..........#######
.....#####..........## ....#
##..........# ...#
#........#..## ..#
#.........#...### ##
..........#.....#
##.#......#.....#


You could see an ogre and an orc.

Vanquished Creatures
  A phantom (D:4)
  A howler monkey (D:4)
  A hound (D:4)
  A worker ant (D:4)
  A gnoll (D:1)
  2 oozes
  4 worms
  A dart slug (D:2)
  2 leopard geckos (D:2)
  5 orcs (D:4)
  4 giant cockroaches
  10 goblins
  14 hobgoblins
  2 jackals (D:1)
  A quokka (D:3)
  2 ball pythons
  5 bats
  5 frilled lizards
  10 kobolds
  5 rats
77 creatures vanquished.

Notes
Turn   | Place    | Note
-------+----------+-------------------------------------------
     0 | D:1      | Xenon25 the Hill Orc Fighter began the quest for the Orb.
     0 | D:1      | Reached XP level 1. HP: 19/19 MP: 1/1
    56 | D:1      | Reached XP level 2. HP: 24/26 MP: 2/2
   121 | D:1      | Reached skill level 3 in Maces & Flails
   359 | D:1      | Reached XP level 3. HP: 28/31 MP: 3/3
   510 | D:1      | Reached skill level 4 in Maces & Flails
  1636 | D:2      | Reached XP level 4. HP: 36/39 MP: 4/4
  2203 | D:3      | Found a bloodstained altar of Trog.
  2240 | D:3      | Reached skill level 5 in Maces & Flails
  2274 | D:3      | Became a worshipper of Trog the Wrathful
  2781 | D:4      | Reached XP level 5. HP: 40/45 MP: 5/5
  2784 | D:4      | Noticed a phantom
  2821 | D:4      | Killed a phantom
  2821 | D:4      | Reached skill level 6 in Maces & Flails
  2821 | D:4      | Reached XP level 6. HP: 21/51 MP: 6/6
  3348 | D:4      | Found a glowing golden altar of the Shining One.
  3450 | D:4      | Reached skill level 1 in Stealth
  3521 | D:4      | Slain by an ogre

Skill      XL: |  1  2  3  4  5  6 |
---------------+-------------------+-----
Maces & Flails | 3 4 5 6 |  6.8
Stealth        | 1 |  1.0
Fighting       | |  3.6
Armour         | |  3.2
Dodging        | |  0.8
Shields        | |  3.2

Action                   |  1- 3 |  4- 6 || total
-------------------------+-------+-------++-------
Melee: Flail             |   137 |   197 ||   334
  Use: Potion            |       |     1 ||     1
  Eat: Chunk             |     2 |     3 ||     5
       Ration            |       |     1 ||     1
Armor: Scale mail        |    51 |       ||    51
       Plate armour      |    18 |   171 ||   189
Dodge: Dodged            |    40 |    40 ||    80
Block: Shield            |    74 |   107 ||   181
